Predators vs Blues
Created - 8 mars 2015 at 20:05
Goals
|
| Predators |
1 |
0 |
3 |
4 |
| Blues |
1 |
0 |
2 |
3 |
|
Shots
|
| Predators |
13 |
9 |
20 |
42 |
| Blues |
5 |
13 |
7 |
25 |
|
1st period
1. Blues , Paul Kariya 34 (Travis Zajac) at 5:55
2. Predators , Alexander Steen 20 (Joe Thornton) at 11:25
Penalties :
Kent Huskins (Nas) for Hooking (Minor) at 1:59, Dan Boyle (STL) for Slashing (Minor) at 5:21, James Van Riemsdyk (Nas) for Holding Stick (Minor) at 5:53, Michael Grabner (Nas) for Hooking (Minor) at 11:47
2nd period
No Goal
Penalties :
Alexander Edler (Nas) for Holding (Minor) at 15:35
3rd period
3. Blues , David Perron 21 (Joe Pavelski, Brian Lee) at 1:21 (PP)
4. Predators , Josef Vasicek 26 (Georges Laraque) at 2:12 (PP)
5. Blues , Sergei Shirokov 17 (Brent Burns) at 3:50
6. Predators , Jeremy Williams 3 (Andy Miele, Oleg Saprykin) at 6:58
7. Predators , Danny Richmond 8 (Robyn Regehr) at 11:54 (PP)
Penalties :
Joffrey Lupul (Nas) for Slashing (Minor) at 0:45, Dan Boyle (STL) for Holding (Minor) at 1:40, Paul Kariya (STL) for Cross-checking (Minor) at 3:57, Nik Antropov (STL) for Hooking (Minor) at 11:09, Joe Thornton (Nas) for Roughing (Minor) at 13:14, Brent Burns (STL) for Hooking (Minor) at 13:51
Goalie Stats
Kari Lehtonen (Nas), 22 saves from 25 shots - (0,880), W, 28-20-4, 60:00 minutes
Tuukka Rask (STL), 38 saves from 42 shots - (0,905), L, 34-16-5, 60:00 minutes
Players Stats for Predators
Player Name G A P +/- PIM S H SB GA TA FO MP PP MP PK MP
------------------------------------------------------------------------------------
Alexander Edler 0 0 0 -1 2 5 0 0 0 2 0/0 28:07 3:20 3:59
Alexander Steen 1 0 1 0 0 7 1 0 3 1 0/2 22:36 2:55 0:46
Andy Miele 0 1 1 0 0 4 1 0 1 0 1/3 13:55 0:00 0:00
Barret Jackman 0 0 0 0 0 1 0 2 0 2 0/0 11:38 0:00 0:50
Danny Richmond 1 0 1 0 0 2 0 2 0 0 0/0 17:37 1:05 2:53
Georges Laraque 0 1 1 0 0 1 2 0 2 1 0/0 19:19 1:30 4:44
James Van Riemsdyk 0 0 0 -1 2 0 2 0 0 0 0/0 8:45 1:29 0:00
Jeremy Williams 1 0 1 1 0 1 0 0 0 0 0/0 7:38 0:00 0:00
Joe Thornton 0 1 1 0 2 4 2 0 1 0 20/33 24:20 2:55 3:36
Joffrey Lupul 0 0 0 0 2 2 0 0 0 0 0/1 11:23 0:00 0:00
Josef Vasicek 1 0 1 0 0 3 0 1 0 0 4/9 16:49 1:30 2:38
Kent Huskins 0 0 0 0 2 1 0 0 0 0 0/0 11:25 0:00 0:00
Kris Vernarsky 0 0 0 -1 0 5 1 0 0 0 1/4 11:32 0:37 0:11
Michael Grabner 0 0 0 1 2 2 1 0 1 0 3/6 19:30 2:18 1:20
Oleg Saprykin 0 1 1 1 0 3 0 0 1 1 0/0 12:45 0:00 2:09
Paul Mara 0 0 0 1 0 0 0 0 0 0 0/0 3:20 0:00 0:00
Robyn Regehr 0 1 1 1 0 0 3 0 0 1 0/0 19:28 1:05 2:31
Ryan Mcdonagh 0 0 0 -1 0 1 1 3 0 1 0/0 29:16 3:20 5:11
Players Stats for Blues
Player Name G A P +/- PIM S H SB GA TA FO MP PP MP PK MP
------------------------------------------------------------------------------------
Ales Kotalik 0 0 0 0 0 0 1 1 0 0 0/0 10:30 0:00 0:47
Andrew Cogliano 0 0 0 1 0 3 3 0 0 0 2/5 10:43 0:07 0:34
Brent Burns 0 1 1 1 2 3 2 0 0 1 0/0 22:45 3:54 0:50
Brian Lee 0 1 1 2 0 0 0 1 0 1 0/0 17:59 3:09 0:09
Bryce Lampman 0 0 0 0 0 2 2 0 0 1 0/0 25:14 0:24 3:26
Dan Boyle 0 0 0 -1 4 1 0 2 2 0 0/0 23:44 4:09 0:00
David Perron 1 0 1 0 0 1 0 0 3 0 1/2 14:02 3:20 0:00
Derek Boogaard 0 0 0 0 0 3 2 0 0 0 1/1 7:19 0:00 0:38
Drew Fata 0 0 0 -1 0 0 0 3 0 1 0/0 16:39 0:00 3:26
Erik Rasmussen 0 0 0 0 0 0 1 0 0 0 1/2 6:41 0:00 0:00
Joe Pavelski 0 1 1 -2 0 1 1 1 2 0 0/0 17:26 3:20 0:00
Kevin Shattenkirk 0 0 0 -1 0 2 1 0 0 0 0/0 16:39 3:48 0:59
Marian Hossa 0 0 0 0 0 1 8 0 0 0 0/0 16:50 4:21 0:00
Nik Antropov 0 0 0 0 2 4 2 1 1 2 9/17 17:58 4:15 2:22
Paul Kariya 1 0 1 -1 2 1 0 0 1 1 0/1 21:10 4:21 0:00
Sergei Shirokov 1 0 1 1 0 2 1 1 0 0 0/1 13:53 0:00 1:29
Taylor Pyatt 0 0 0 1 0 0 2 0 0 1 0/1 13:03 0:01 3:00
Travis Zajac 0 1 1 -1 0 1 0 0 0 1 15/28 20:06 3:20 0:00
3 Stars
1 - Sergei Shirokov (STL)
2 - Jeremy Williams (Nas)
3 - Robyn Regehr (Nas)
Power Play
Predators - 2 on 5 Attempt(s) - 40,00%
Blues - 1 on 6 Attempt(s) - 16,67%
Penalty Kill
Predators - 5 on 6 Attempt(s) - 83,33%
- Score 0 goal in Penalty Kill
Blues - 3 on 5 Attempt(s) - 60,00%
- Score 0 goal in Penalty Kill
Team Stat
Predators - Hits : 14 - Faceoff Wins : 29 - Blocked Shots : 8 - Penalty Minutes : 12
Blues - Hits : 26 - Faceoff Wins : 29 - Blocked Shots : 10 - Penalty Minutes : 10
Official
Referees : Sutherland Kelly and Walkom Stephen
Linesman : Tony Sericolo and Mike Cvik
Game Notes
No Game Note
Finance
Level 1 -- Attendance: 6000 (100,00%) -- Ticket Income 504 000 $
Level 2 -- Attendance: 4808 (96,16%) -- Ticket Income 250 016 $
Level 3 -- Attendance: 2000 (100,00%) -- Ticket Income 60 000 $
Level 4 -- Attendance: 4000 (100,00%) -- Ticket Income 76 000 $
Luxury Box -- Attendance: 840 (84,00%) -- Ticket Income 141 960 $
Game was played at the Scotttrade center'
Total Attendance: 17648 (98,04%)
Total Ticket Income: 1 031 976 $
Other Income: 154 796 $
Total Income: 1 186 772 $
Predators
5 vs 5 Forward
Center Left Wing Right Wing Time % Phy DF OF
1 Joe Thornton Alexander Steen Michael Grabner 40 1 2 2
2 Josef Vasicek Joffrey Lupul Georges Laraque 30 1 2 2
3 Andy Miele Oleg Saprykin Jeremy Williams 15 1 2 2
4 Kris Vernarsky James Van Riemsdyk Andy Miele 15 1 2 2
5 vs 5 Defense
Defense Defense Time % Phy DF OF
1 Alexander Edler Ryan Mcdonagh 40 1 2 2
2 Danny Richmond Robyn Regehr 30 1 2 2
3 Kent Huskins Barret Jackman 20 1 2 2
4 Paul Mara Robyn Regehr 10 1 2 2
PowerPlay Forward
Center Left Wing Right Wing Time % Phy DF OF
1 Joe Thornton Alexander Steen Michael Grabner 60 1 2 2
2 Josef Vasicek James Van Riemsdyk Georges Laraque 40 1 2 2
PowerPlay Defense
Defense Defense Time % Phy DF OF
1 Alexander Edler Ryan Mcdonagh 60 1 2 2
2 Danny Richmond Robyn Regehr 40 1 2 2
Penalty Kill 4 Players Forward
Center Wing Time % Phy DF OF
1 Joe Thornton Georges Laraque 60 1 2 2
2 Josef Vasicek Oleg Saprykin 40 1 2 2
Penalty Kill 4 Players Defense
Defense Defense Time % Phy DF OF
1 Alexander Edler Ryan Mcdonagh 60 1 2 2
2 Robyn Regehr Danny Richmond 40 1 2 2
Penalty Kill - 3 Players Forward
Forward Time % Phy DF OF
1 Oleg Saprykin 60 1 2 2
2 Georges Laraque 40 1 2 2
Penalty Kill - 3 Players Defense
Defense Defense Time % Phy DF OF
1 Alexander Edler Ryan Mcdonagh 60 1 2 2
2 Robyn Regehr Danny Richmond 40 1 2 2
4 vs 4 Forward
Center Wing Time % Phy DF OF
1 Joe Thornton Alexander Steen 60 1 2 2
2 Georges Laraque Oleg Saprykin 40 1 2 2
4 vs 4 Defense
Defense Defense Time % Phy DF OF
1 Alexander Edler Ryan Mcdonagh 60 1 2 2
2 Robyn Regehr Danny Richmond 40 1 2 2
Last Minutes Offensive
Center Left Wing Right Wing Defense Defense
Joe Thornton Alexander Steen Michael Grabner Alexander Edler Danny Richmond
Last Minutes Defensive
Center Left Wing Right Wing Defense Defense
Joe Thornton Oleg Saprykin Georges Laraque Ryan Mcdonagh Danny Richmond
Goaltenders
Starting : Kari Lehtonen
Backup : Ray Emery
Extra Forwards
Normal : Kris Vernarsky, Oleg Saprykin, Michael Grabner - PP : Kris Vernarsky, Oleg Saprykin - PK : Michael Grabner
Extra Defensemen
Normal : Kent Huskins, Alexander Edler, Ryan Mcdonagh - PP : Kent Huskins - PK : Danny Richmond, Ryan Mcdonagh
Penalty Shots
Alexander Steen, Joe Thornton, Kris Vernarsky, Michael Grabner, Joffrey Lupul
Blues
5 vs 5 Forward
Center Left Wing Right Wing Time % Phy DF OF
1 Travis Zajac Paul Kariya Joe Pavelski 40 1 2 2
2 Nik Antropov David Perron Marian Hossa 30 1 2 2
3 Andrew Cogliano Taylor Pyatt Sergei Shirokov 20 1 2 2
4 Erik Rasmussen Derek Boogaard Ales Kotalik 10 1 2 2
5 vs 5 Defense
Defense Defense Time % Phy DF OF
1 Dan Boyle Bryce Lampman 40 1 2 2
2 Brent Burns Brian Lee 30 1 2 2
3 Drew Fata Kevin Shattenkirk 20 1 2 2
4 Dan Boyle Brent Burns 10 1 2 2
PowerPlay Forward
Center Left Wing Right Wing Time % Phy DF OF
1 Nik Antropov Paul Kariya Marian Hossa 60 1 2 2
2 Travis Zajac David Perron Joe Pavelski 40 1 2 2
PowerPlay Defense
Defense Defense Time % Phy DF OF
1 Dan Boyle Brent Burns 60 1 2 2
2 Brian Lee Kevin Shattenkirk 40 1 2 2
Penalty Kill 4 Players Forward
Center Wing Time % Phy DF OF
1 Nik Antropov Taylor Pyatt 60 1 2 2
2 Ales Kotalik Sergei Shirokov 40 1 2 2
Penalty Kill 4 Players Defense
Defense Defense Time % Phy DF OF
1 Bryce Lampman Drew Fata 60 1 2 2
2 Brent Burns Kevin Shattenkirk 40 1 2 2
Penalty Kill - 3 Players Forward
Forward Time % Phy DF OF
1 Taylor Pyatt 60 1 2 2
2 Ales Kotalik 40 1 2 2
Penalty Kill - 3 Players Defense
Defense Defense Time % Phy DF OF
1 Drew Fata Bryce Lampman 60 1 2 2
2 Brian Lee Dan Boyle 40 1 2 2
4 vs 4 Forward
Center Wing Time % Phy DF OF
1 Travis Zajac Paul Kariya 60 1 2 2
2 Nik Antropov Marian Hossa 40 1 2 2
4 vs 4 Defense
Defense Defense Time % Phy DF OF
1 Dan Boyle Bryce Lampman 60 1 2 2
2 Brent Burns Brian Lee 40 1 2 2
Last Minutes Offensive
Center Left Wing Right Wing Defense Defense
Travis Zajac Paul Kariya Marian Hossa Dan Boyle Brent Burns
Last Minutes Defensive
Center Left Wing Right Wing Defense Defense
Nik Antropov Taylor Pyatt Sergei Shirokov Bryce Lampman Drew Fata
Goaltenders
Starting : Tuukka Rask
Backup : Cory Schneider
Extra Forwards
Normal : Andrew Cogliano, Taylor Pyatt, Sergei Shirokov - PP : Andrew Cogliano, Taylor Pyatt - PK : Sergei Shirokov
Extra Defensemen
Normal : Brian Lee, Kevin Shattenkirk, Bryce Lampman - PP : Brian Lee - PK : Kevin Shattenkirk, Dan Boyle
Penalty Shots
David Perron, Joe Pavelski, Marian Hossa, Travis Zajac, Nik Antropov
% Time on Ice - Predators
Lines # - Real PCT - Wanted PCT - Time Play
Normal Forward
1 - 39% - 40% - 17:14
2 - 28% - 30% - 12:20
3 - 17% - 15% - 7:38
4 - 15% - 15% - 6:45
Normal Defense
1 - 44% - 40% - 19:16
2 - 25% - 30% - 11:03
3 - 23% - 20% - 10:18
4 - 8% - 10% - 3:20
PP Forward
1 - 66% - 60% - 2:55
2 - 34% - 40% - 1:30
PP Defense
1 - 75% - 60% - 3:20
2 - 25% - 40% - 1:05
PK Forward
1 - 73% - 60% - 5:35
2 - 27% - 40% - 2:07
PK Defense
1 - 67% - 60% - 5:11
2 - 33% - 40% - 2:31
PK3 Forward
1 - 0% - 60%
2 - 0% - 40%
PK3 Defense
1 - 0% - 60%
2 - 0% - 40%
44 Forward
1 - 87% - 60% - 2:27
2 - 13% - 40% - 0:22
44 Defense
1 - 47% - 60% - 1:20
2 - 53% - 40% - 1:29
Last Minute Offensive - 0:00
Last Minute Defensive - 1:07
Total
Forward - 60:00
Defense - 60:00
|
% Time on Ice - Blues
Lines # - Real PCT - Wanted PCT - Time Play
Normal Forward
1 - 32% - 40% - 14:10
2 - 31% - 30% - 13:44
3 - 21% - 20% - 9:22
4 - 15% - 10% - 6:41
Normal Defense
1 - 44% - 40% - 19:33
2 - 28% - 30% - 12:17
3 - 23% - 20% - 10:10
4 - 4% - 10% - 1:57
PP Forward
1 - 57% - 60% - 4:22
2 - 43% - 40% - 3:20
PP Defense
1 - 59% - 60% - 4:33
2 - 41% - 40% - 3:09
PK Forward
1 - 82% - 60% - 3:38
2 - 18% - 40% - 0:47
PK Defense
1 - 78% - 60% - 3:26
2 - 22% - 40% - 0:59
PK3 Forward
1 - 0% - 60%
2 - 0% - 40%
PK3 Defense
1 - 0% - 60%
2 - 0% - 40%
44 Forward
1 - 78% - 60% - 2:12
2 - 22% - 40% - 0:37
44 Defense
1 - 72% - 60% - 2:01
2 - 28% - 40% - 0:48
Last Minute Offensive - 1:07
Last Minute Defensive - 0:00
Total
Forward - 60:00
Defense - 60:00
|
Play by Play
1st period
0:01 of 1st period - Travis Zajac wins face-off versus Joe Thornton in neutral zone.
0:18 of 1st period - Bryce Lampman is hit by Joe Thornton.
1:15 of 1st period - Wrist shot by Brent Burns.
1:15 of 1st period - Shot Blocked by Danny Richmond.
1:29 of 1st period - Paul Kariya is hit by Robyn Regehr and loses puck.
1:36 of 1st period - Slapshot by Alexander Steen.
1:36 of 1st period - Shot Misses the Net.
1:59 of 1st period - Minor Penalty to Kent Huskins for Hooking.
2:00 of 1st period - Nik Antropov wins face-off versus Joe Thornton in Predators zone.
3:52 of 1st period - Alexander Edler is hit by Marian Hossa and loses puck.
3:59 of 1st period - Penalty to Kent Huskins is over, Kent Huskins is back on ice.
4:05 of 1st period - Slapshot by Alexander Edler.
4:05 of 1st period - Shot Misses the Net.
4:07 of 1st period - Slapshot by Alexander Edler.
4:07 of 1st period - Stopped by Tuukka Rask without a rebound.
4:08 of 1st period - Andrew Cogliano wins face-off versus Kris Vernarsky in Blues zone.
4:15 of 1st period - Slapshot by Kris Vernarsky.
4:15 of 1st period - Stopped by Tuukka Rask without a rebound.
4:16 of 1st period - Joe Thornton wins face-off versus Andrew Cogliano in Blues zone.
5:04 of 1st period - Snap shot by Marian Hossa.
5:04 of 1st period - Stopped by Kari Lehtonen without a rebound.
5:05 of 1st period - Nik Antropov wins face-off versus Andy Miele in Predators zone.
5:21 of 1st period - Minor Penalty to Dan Boyle for Slashing.
5:22 of 1st period - Joe Thornton wins face-off versus Nik Antropov in Blues zone.
5:53 of 1st period - Minor Penalty to James Van Riemsdyk for Holding Stick.
5:54 of 1st period - Travis Zajac wins face-off versus Alexander Steen in Predators zone.
5:55 of 1st period - Wrist shot by Paul Kariya.
5:55 of 1st period - Goal by Paul Kariya - Predators : 0 - Blues : 1.
5:56 of 1st period - Joe Thornton wins face-off versus Travis Zajac in neutral zone.
7:07 of 1st period - Oleg Saprykin is hit by Andrew Cogliano and loses puck.
7:21 of 1st period - Penalty to Dan Boyle is over, Dan Boyle is back on ice.
7:38 of 1st period - Georges Laraque is hit by Marian Hossa and loses puck.
7:53 of 1st period - Penalty to James Van Riemsdyk is over, James Van Riemsdyk is back on ice.
7:59 of 1st period - Slapshot by Kevin Shattenkirk.
7:59 of 1st period - Stopped by Kari Lehtonen without a rebound.
8:00 of 1st period - Derek Boogaard wins face-off versus Kris Vernarsky in Predators zone.
8:50 of 1st period - Icing by Joe Thornton.
8:51 of 1st period - Josef Vasicek wins face-off versus Travis Zajac in Predators zone.
10:02 of 1st period - Slapshot by Alexander Steen.
10:02 of 1st period - Shot Misses the Net.
10:08 of 1st period - Snap shot by Alexander Steen.
10:08 of 1st period - Stopped by Tuukka Rask without a rebound.
10:09 of 1st period - Nik Antropov wins face-off versus Joffrey Lupul in Blues zone.
10:34 of 1st period - Travis Zajac is hit by Kris Vernarsky and loses puck.
10:43 of 1st period - Snap shot by Kris Vernarsky.
10:43 of 1st period - Shot Hit the Post.
10:45 of 1st period - Slapshot by Barret Jackman.
10:45 of 1st period - Shot Hit the Post.
10:47 of 1st period - Slapshot by Barret Jackman.
10:47 of 1st period - Stopped by Tuukka Rask without a rebound.
10:48 of 1st period - Nik Antropov wins face-off versus Joe Thornton in Blues zone.
10:53 of 1st period - Wrist shot by Nik Antropov.
10:53 of 1st period - Shot Misses the Net.
10:55 of 1st period - Wrist shot by Nik Antropov.
10:55 of 1st period - Stopped by Kari Lehtonen with a rebound.
10:57 of 1st period - Snap shot by Nik Antropov.
10:57 of 1st period - Deflect By Marian Hossa.
10:57 of 1st period - Shot Blocked by Ryan Mcdonagh.
10:57 of 1st period - Puck is out of play.
10:58 of 1st period - Joe Thornton wins face-off versus Nik Antropov in Predators zone.
11:11 of 1st period - Wrist shot by Alexander Steen.
11:11 of 1st period - Stopped by Tuukka Rask without a rebound.
11:12 of 1st period - Joe Thornton wins face-off versus Travis Zajac in Blues zone.
11:15 of 1st period - Wrist shot by Joe Thornton.
11:15 of 1st period - Deflect By Alexander Steen.
11:15 of 1st period - Stopped by Tuukka Rask with a rebound.
11:25 of 1st period - Wrist shot by Alexander Steen.
11:25 of 1st period - Goal by Alexander Steen - Predators : 1 - Blues : 1.
11:26 of 1st period - Joe Thornton wins face-off versus Travis Zajac in neutral zone.
11:47 of 1st period - Minor Penalty to Michael Grabner for Hooking.
11:48 of 1st period - Joe Thornton wins face-off versus Nik Antropov in Predators zone.
11:48 of 1st period - Joe Thornton is hit by Marian Hossa.
13:47 of 1st period - Penalty to Michael Grabner is over, Michael Grabner is back on ice.
14:01 of 1st period - Slapshot by Alexander Edler.
14:01 of 1st period - Stopped by Tuukka Rask without a rebound.
14:02 of 1st period - Andrew Cogliano wins face-off versus Andy Miele in Blues zone.
14:11 of 1st period - Slapshot by Andy Miele.
14:11 of 1st period - Stopped by Tuukka Rask without a rebound.
14:12 of 1st period - Andy Miele wins face-off versus Sergei Shirokov in Blues zone.
14:13 of 1st period - Wrist shot by Oleg Saprykin.
14:13 of 1st period - Shot Hit the Post.
14:32 of 1st period - Wrist shot by Andy Miele.
14:32 of 1st period - Stopped by Tuukka Rask with a rebound.
14:48 of 1st period - Snap shot by Oleg Saprykin.
14:48 of 1st period - Shot Blocked by Sergei Shirokov.
15:45 of 1st period - Wrist shot by Andy Miele.
15:45 of 1st period - Stopped by Tuukka Rask with a rebound.
15:53 of 1st period - Snap shot by Oleg Saprykin.
15:53 of 1st period - Stopped by Tuukka Rask with a rebound.
16:19 of 1st period - Wrist shot by Oleg Saprykin.
16:19 of 1st period - Stopped by Tuukka Rask with a rebound.
17:10 of 1st period - Slapshot by Sergei Shirokov.
17:10 of 1st period - Shot Misses the Net.
17:12 of 1st period - Snap shot by Dan Boyle.
17:12 of 1st period - Shot Blocked by Barret Jackman.
17:14 of 1st period - Slapshot by Bryce Lampman.
17:14 of 1st period - Stopped by Kari Lehtonen without a rebound.
17:15 of 1st period - Travis Zajac wins face-off versus Alexander Steen in Predators zone.
17:16 of 1st period - Snap shot by Paul Kariya.
17:16 of 1st period - Shot Blocked by Ryan Mcdonagh.
18:31 of 1st period - Kevin Shattenkirk is hit by Alexander Steen and loses puck.
19:05 of 1st period - Icing by Alexander Edler.
19:06 of 1st period - Travis Zajac wins face-off versus Josef Vasicek in Predators zone.
19:46 of 1st period - Josef Vasicek is hit by Derek Boogaard and loses puck.
19:53 of 1st period - Josef Vasicek is hit by Ales Kotalik and loses puck.
Goals for this period are 1 for Predators vs 1 for Blues.
Shots for this period are 13 for Predators vs 5 for Blues.
2nd period
0:01 of 2nd period - Joe Thornton wins face-off versus Travis Zajac in neutral zone.
0:03 of 2nd period - Off-side.
0:04 of 2nd period - Travis Zajac wins face-off versus Michael Grabner in neutral zone.
0:31 of 2nd period - Slapshot by Brent Burns.
0:31 of 2nd period - Shot Misses the Net.
1:33 of 2nd period - Georges Laraque is hit by Bryce Lampman and loses puck.
1:38 of 2nd period - Snap shot by Joe Pavelski.
1:38 of 2nd period - Shot Misses the Net.
1:44 of 2nd period - Joe Pavelski is hit by Georges Laraque and loses puck.
2:07 of 2nd period - Snap shot by Nik Antropov.
2:07 of 2nd period - Shot Misses the Net.
2:38 of 2nd period - Ales Kotalik is hit by James Van Riemsdyk and loses puck.
3:09 of 2nd period - Slapshot by Nik Antropov.
3:09 of 2nd period - Stopped by Kari Lehtonen without a rebound.
3:10 of 2nd period - Kris Vernarsky wins face-off versus Nik Antropov in Predators zone.
3:17 of 2nd period - Wrist shot by Danny Richmond.
3:17 of 2nd period - Shot Blocked by Nik Antropov.
3:19 of 2nd period - Wrist shot by Andy Miele.
3:19 of 2nd period - Stopped by Tuukka Rask with a rebound.
3:35 of 2nd period - Wrist shot by Joe Pavelski.
3:35 of 2nd period - Shot Misses the Net.
3:49 of 2nd period - Slapshot by Alexander Edler.
3:49 of 2nd period - Stopped by Tuukka Rask with a rebound.
3:51 of 2nd period - Wrist shot by Joffrey Lupul.
3:51 of 2nd period - Stopped by Tuukka Rask without a rebound.
3:52 of 2nd period - Josef Vasicek wins face-off versus David Perron in Blues zone.
3:53 of 2nd period - Wrist shot by Georges Laraque.
3:53 of 2nd period - Shot Misses the Net.
3:55 of 2nd period - Snap shot by Josef Vasicek.
3:55 of 2nd period - Stopped by Tuukka Rask with a rebound.
3:57 of 2nd period - Wrist shot by Josef Vasicek.
3:57 of 2nd period - Deflect By Joffrey Lupul.
3:57 of 2nd period - Stopped by Tuukka Rask with a rebound.
3:59 of 2nd period - Slapshot by Alexander Edler.
3:59 of 2nd period - Shot Misses the Net.
4:07 of 2nd period - Wrist shot by Josef Vasicek.
4:07 of 2nd period - Shot Blocked by Dan Boyle.
4:30 of 2nd period - Snap shot by Andrew Cogliano.
4:30 of 2nd period - Stopped by Kari Lehtonen without a rebound.
4:31 of 2nd period - Josef Vasicek wins face-off versus Travis Zajac in Predators zone.
4:36 of 2nd period - Wrist shot by Travis Zajac.
4:36 of 2nd period - Shot Misses the Net.
4:38 of 2nd period - Wrist shot by Travis Zajac.
4:38 of 2nd period - Shot Misses the Net.
4:40 of 2nd period - Slapshot by Paul Kariya.
4:40 of 2nd period - Shot Blocked by Danny Richmond.
4:42 of 2nd period - Slapshot by Brent Burns.
4:42 of 2nd period - Deflect By Travis Zajac.
4:42 of 2nd period - Stopped by Kari Lehtonen with a rebound.
4:46 of 2nd period - Slapshot by Travis Zajac.
4:46 of 2nd period - Shot Misses the Net.
4:56 of 2nd period - Nik Antropov is hit by Joe Thornton and loses puck.
5:01 of 2nd period - Snap shot by Joe Thornton.
5:01 of 2nd period - Stopped by Tuukka Rask with a rebound.
5:03 of 2nd period - Slapshot by Joe Thornton.
5:03 of 2nd period - Deflect By Michael Grabner.
5:03 of 2nd period - Stopped by Tuukka Rask without a rebound.
5:04 of 2nd period - Travis Zajac wins face-off versus Joe Thornton in Blues zone.
5:26 of 2nd period - Icing by Ryan Mcdonagh.
5:27 of 2nd period - Josef Vasicek wins face-off versus Nik Antropov in Predators zone.
5:27 of 2nd period - Josef Vasicek is hit by Nik Antropov.
5:33 of 2nd period - Snap shot by Nik Antropov.
5:33 of 2nd period - Stopped by Kari Lehtonen without a rebound.
5:34 of 2nd period - Travis Zajac wins face-off versus Josef Vasicek in Predators zone.
6:06 of 2nd period - Wrist shot by Josef Vasicek.
6:06 of 2nd period - Shot Blocked by Joe Pavelski.
7:11 of 2nd period - Snap shot by Joe Pavelski.
7:11 of 2nd period - Shot Blocked by Josef Vasicek.
7:13 of 2nd period - Slapshot by Brent Burns.
7:13 of 2nd period - Stopped by Kari Lehtonen without a rebound.
7:14 of 2nd period - Nik Antropov wins face-off versus Joe Thornton in Predators zone.
7:27 of 2nd period - Snap shot by Joe Thornton.
7:27 of 2nd period - Shot Blocked by Dan Boyle.
7:29 of 2nd period - Snap shot by Joe Thornton.
7:29 of 2nd period - Deflect By Michael Grabner.
7:29 of 2nd period - Stopped by Tuukka Rask with a rebound.
7:46 of 2nd period - Snap shot by Andrew Cogliano.
7:46 of 2nd period - Stopped by Kari Lehtonen with a rebound.
7:48 of 2nd period - Snap shot by Andrew Cogliano.
7:48 of 2nd period - Shot Blocked by Barret Jackman.
7:50 of 2nd period - Wrist shot by Andrew Cogliano.
7:50 of 2nd period - Shot Hit the Post.
7:52 of 2nd period - Snap shot by Andrew Cogliano.
7:52 of 2nd period - Shot Misses the Net.
8:21 of 2nd period - Kris Vernarsky is hit by Marian Hossa and loses puck.
8:34 of 2nd period - Alexander Steen is hit by Taylor Pyatt and loses puck.
9:17 of 2nd period - Bryce Lampman is hit by Robyn Regehr and loses puck.
9:30 of 2nd period - Backhand shot by Derek Boogaard.
9:30 of 2nd period - Stopped by Kari Lehtonen without a rebound.
9:31 of 2nd period - David Perron wins face-off versus Josef Vasicek in Predators zone.
9:54 of 2nd period - Andrew Cogliano is hit by Andy Miele and loses puck.
11:11 of 2nd period - Josef Vasicek is hit by Brent Burns and loses puck.
11:20 of 2nd period - Slapshot by Kevin Shattenkirk.
11:20 of 2nd period - Stopped by Kari Lehtonen with a rebound.
11:58 of 2nd period - Snap shot by Derek Boogaard.
11:58 of 2nd period - Stopped by Kari Lehtonen without a rebound.
11:59 of 2nd period - Erik Rasmussen wins face-off versus Joe Thornton in Predators zone.
13:09 of 2nd period - Wrist shot by Andrew Cogliano.
13:09 of 2nd period - Stopped by Kari Lehtonen with a rebound.
13:11 of 2nd period - Slapshot by Brent Burns.
13:11 of 2nd period - Stopped by Kari Lehtonen without a rebound.
13:12 of 2nd period - Travis Zajac wins face-off versus Josef Vasicek in Predators zone.
14:29 of 2nd period - Ryan Mcdonagh is hit by Marian Hossa and loses puck.
14:50 of 2nd period - Slapshot by Dan Boyle.
14:50 of 2nd period - Stopped by Kari Lehtonen without a rebound.
14:51 of 2nd period - Travis Zajac wins face-off versus Josef Vasicek in Predators zone.
15:16 of 2nd period - Joe Thornton is hit by Marian Hossa and loses puck.
15:35 of 2nd period - Minor Penalty to Alexander Edler for Holding.
15:36 of 2nd period - Joe Thornton wins face-off versus Paul Kariya in Predators zone.
17:35 of 2nd period - Penalty to Alexander Edler is over, Alexander Edler is back on ice.
17:48 of 2nd period - Barret Jackman is hit by Andrew Cogliano and loses puck.
18:17 of 2nd period - Snap shot by Alexander Edler.
18:17 of 2nd period - Stopped by Tuukka Rask without a rebound.
18:18 of 2nd period - Joe Thornton wins face-off versus Andrew Cogliano in Blues zone.
18:33 of 2nd period - Drew Fata is hit by Robyn Regehr and loses puck.
19:08 of 2nd period - Slapshot by Nik Antropov.
19:08 of 2nd period - Stopped by Kari Lehtonen with a rebound.
Goals for this period are 0 for Predators vs 0 for Blues.
Shots for this period are 9 for Predators vs 13 for Blues.
3rd period
0:01 of 3rd period - Joe Thornton wins face-off versus Travis Zajac in neutral zone.
0:26 of 3rd period - Josef Vasicek is hit by Taylor Pyatt and loses puck.
0:45 of 3rd period - Minor Penalty to Joffrey Lupul for Slashing.
0:46 of 3rd period - Joe Thornton wins face-off versus Nik Antropov in Predators zone.
1:03 of 3rd period - Georges Laraque is hit by Kevin Shattenkirk.
1:17 of 3rd period - Georges Laraque is hit by Joe Pavelski.
1:21 of 3rd period - Wrist shot by Joe Pavelski.
1:21 of 3rd period - Deflect By David Perron.
1:21 of 3rd period - Goal by David Perron - Predators : 1 - Blues : 2.
1:22 of 3rd period - Joe Thornton wins face-off versus Travis Zajac in neutral zone.
1:27 of 3rd period - Snap shot by Joe Thornton.
1:27 of 3rd period - Stopped by Tuukka Rask without a rebound.
1:28 of 3rd period - Joe Thornton wins face-off versus Travis Zajac in Blues zone.
1:40 of 3rd period - Minor Penalty to Dan Boyle for Holding.
1:41 of 3rd period - Nik Antropov wins face-off versus Joe Thornton in Blues zone.
1:53 of 3rd period - Slapshot by Alexander Steen.
1:53 of 3rd period - Shot Misses the Net.
2:07 of 3rd period - Drew Fata is hit by Georges Laraque and loses puck.
2:12 of 3rd period - Snap shot by Josef Vasicek.
2:12 of 3rd period - Goal by Josef Vasicek - Predators : 2 - Blues : 2.
2:13 of 3rd period - Travis Zajac wins face-off versus Joe Thornton in neutral zone.
2:16 of 3rd period - Slapshot by Bryce Lampman.
2:16 of 3rd period - Stopped by Kari Lehtonen without a rebound.
2:17 of 3rd period - Travis Zajac wins face-off versus Joe Thornton in Predators zone.
2:46 of 3rd period - Snap shot by Kris Vernarsky.
2:46 of 3rd period - Stopped by Tuukka Rask with a rebound.
2:48 of 3rd period - Slapshot by Kris Vernarsky.
2:48 of 3rd period - Shot Misses the Net.
2:50 of 3rd period - Slapshot by Alexander Edler.
2:50 of 3rd period - Deflect By Kris Vernarsky.
2:50 of 3rd period - Stopped by Tuukka Rask without a rebound.
2:51 of 3rd period - Joe Thornton wins face-off versus Nik Antropov in Blues zone.
2:52 of 3rd period - Snap shot by Alexander Steen.
2:52 of 3rd period - Stopped by Tuukka Rask without a rebound.
2:53 of 3rd period - Nik Antropov wins face-off versus Joe Thornton in Blues zone.
3:23 of 3rd period - Snap shot by Joe Pavelski.
3:23 of 3rd period - Shot Blocked by Ryan Mcdonagh.
3:50 of 3rd period - Slapshot by Sergei Shirokov.
3:50 of 3rd period - Goal by Sergei Shirokov - Predators : 2 - Blues : 3.
3:51 of 3rd period - Joe Thornton wins face-off versus Travis Zajac in neutral zone.
3:57 of 3rd period - Minor Penalty to Paul Kariya for Cross-checking.
3:58 of 3rd period - Nik Antropov wins face-off versus Joe Thornton in Blues zone.
4:08 of 3rd period - Snap shot by Alexander Steen.
4:08 of 3rd period - Stopped by Tuukka Rask without a rebound.
4:09 of 3rd period - Nik Antropov wins face-off versus Joe Thornton in Blues zone.
5:57 of 3rd period - Penalty to Paul Kariya is over, Paul Kariya is back on ice.
6:20 of 3rd period - Oleg Saprykin is hit by Derek Boogaard and loses puck.
6:31 of 3rd period - Paul Mara is hit by Nik Antropov.
6:35 of 3rd period - Robyn Regehr is hit by Marian Hossa and loses puck.
6:46 of 3rd period - Snap shot by Joe Pavelski.
6:46 of 3rd period - Stopped by Kari Lehtonen with a rebound.
6:58 of 3rd period - Snap shot by Andy Miele.
6:58 of 3rd period - Deflect By Jeremy Williams.
6:58 of 3rd period - Goal by Jeremy Williams - Predators : 3 - Blues : 3.
6:59 of 3rd period - Joe Thornton wins face-off versus Travis Zajac in neutral zone.
8:56 of 3rd period - Alexander Edler is hit by Erik Rasmussen and loses puck.
9:46 of 3rd period - Icing by Dan Boyle.
9:47 of 3rd period - Joe Thornton wins face-off versus Erik Rasmussen in Blues zone.
10:02 of 3rd period - Snap shot by Derek Boogaard.
10:02 of 3rd period - Stopped by Kari Lehtonen with a rebound.
10:32 of 3rd period - Danny Richmond is hit by Brent Burns and loses puck.
10:59 of 3rd period - Snap shot by Joe Thornton.
10:59 of 3rd period - Stopped by Tuukka Rask with a rebound.
11:09 of 3rd period - Minor Penalty to Nik Antropov for Hooking.
11:10 of 3rd period - Joe Thornton wins face-off versus Taylor Pyatt in Blues zone.
11:35 of 3rd period - Alexander Edler is hit by Bryce Lampman and loses puck.
11:54 of 3rd period - Slapshot by Danny Richmond.
11:54 of 3rd period - Goal by Danny Richmond - Predators : 4 - Blues : 3.
11:55 of 3rd period - Travis Zajac wins face-off versus Joe Thornton in neutral zone.
12:25 of 3rd period - Slapshot by Kevin Shattenkirk.
12:25 of 3rd period - Shot Misses the Net.
12:57 of 3rd period - Slapshot by Josef Vasicek.
12:57 of 3rd period - Stopped by Tuukka Rask without a rebound.
12:58 of 3rd period - Joe Thornton wins face-off versus Andrew Cogliano in Blues zone.
13:14 of 3rd period - Minor Penalty to Joe Thornton for Roughing.
13:15 of 3rd period - Michael Grabner wins face-off versus Nik Antropov in Predators zone.
13:23 of 3rd period - Slapshot by Dan Boyle.
13:23 of 3rd period - Shot Misses the Net.
13:29 of 3rd period - Brent Burns is hit by Ryan Mcdonagh.
13:51 of 3rd period - Minor Penalty to Brent Burns for Hooking.
13:52 of 3rd period - Travis Zajac wins face-off versus Kris Vernarsky in Blues zone.
14:01 of 3rd period - Wrist shot by Paul Kariya.
14:01 of 3rd period - Shot Misses the Net.
15:02 of 3rd period - Kevin Shattenkirk is hit by James Van Riemsdyk.
15:06 of 3rd period - Danny Richmond is hit by Andrew Cogliano.
15:14 of 3rd period - Penalty to Joe Thornton is over, Joe Thornton is back on ice.
15:51 of 3rd period - Penalty to Brent Burns is over, Brent Burns is back on ice.
15:51 of 3rd period - Snap shot by Joe Thornton.
15:51 of 3rd period - Shot Blocked by Drew Fata.
15:53 of 3rd period - Slapshot by Ryan Mcdonagh.
15:53 of 3rd period - Stopped by Tuukka Rask with a rebound.
15:55 of 3rd period - Slapshot by Alexander Edler.
15:55 of 3rd period - Shot Blocked by Ales Kotalik.
16:03 of 3rd period - Snap shot by Joe Thornton.
16:03 of 3rd period - Shot Misses the Net.
16:05 of 3rd period - Snap shot by Kris Vernarsky.
16:05 of 3rd period - Stopped by Tuukka Rask with a rebound.
16:07 of 3rd period - Snap shot by Joe Thornton.
16:07 of 3rd period - Stopped by Tuukka Rask with a rebound.
16:31 of 3rd period - Wrist shot by Kris Vernarsky.
16:31 of 3rd period - Shot Blocked by Drew Fata.
16:33 of 3rd period - Slapshot by Ryan Mcdonagh.
16:33 of 3rd period - Shot Blocked by Drew Fata.
16:35 of 3rd period - Wrist shot by Alexander Edler.
16:35 of 3rd period - Stopped by Tuukka Rask with a rebound.
16:37 of 3rd period - Snap shot by Alexander Steen.
16:37 of 3rd period - Stopped by Tuukka Rask with a rebound.
17:05 of 3rd period - Wrist shot by Sergei Shirokov.
17:05 of 3rd period - Stopped by Kari Lehtonen with a rebound.
17:19 of 3rd period - Ryan Mcdonagh is hit by Sergei Shirokov and loses puck.
17:44 of 3rd period - Wrist shot by Brent Burns.
17:44 of 3rd period - Stopped by Kari Lehtonen with a rebound.
18:52 of 3rd period - Wrist shot by Kris Vernarsky.
18:52 of 3rd period - Stopped by Tuukka Rask without a rebound.
18:53 of 3rd period - Claude Julien call a timeout for Blues.
18:53 of 3rd period - Travis Zajac wins face-off versus Michael Grabner in Blues zone.
19:20 of 3rd period - Danny Richmond is hit by Marian Hossa and loses puck.
19:27 of 3rd period - Snap shot by Kent Huskins.
19:27 of 3rd period - Shot Blocked by Brian Lee.
19:29 of 3rd period - Snap shot by Georges Laraque.
19:29 of 3rd period - Shot Misses the Net.
19:31 of 3rd period - Snap shot by Danny Richmond.
19:31 of 3rd period - Stopped by Tuukka Rask without a rebound.
19:32 of 3rd period - Michael Grabner wins face-off versus Travis Zajac in Blues zone.
19:35 of 3rd period - Snap shot by Georges Laraque.
19:35 of 3rd period - Stopped by Tuukka Rask with a rebound.
19:37 of 3rd period - Slapshot by Kent Huskins.
19:37 of 3rd period - Stopped by Tuukka Rask with a rebound.
19:39 of 3rd period - Snap shot by Oleg Saprykin.
19:39 of 3rd period - Shot Misses the Net.
19:52 of 3rd period - Wrist shot by Oleg Saprykin.
19:52 of 3rd period - Stopped by Tuukka Rask without a rebound.
19:53 of 3rd period - Michael Grabner wins face-off versus Travis Zajac in Blues zone.
19:54 of 3rd period - Wrist shot by Oleg Saprykin.
19:54 of 3rd period - Shot Misses the Net.
19:56 of 3rd period - Slapshot by Kent Huskins.
19:56 of 3rd period - Deflect By Oleg Saprykin.
19:56 of 3rd period - Shot Misses the Net.
19:56 of 3rd period - Puck is out of play.
19:57 of 3rd period - Travis Zajac wins face-off versus Michael Grabner in Blues zone.
19:57 of 3rd period - Travis Zajac is hit by Michael Grabner.
Goals for this period are 3 for Predators vs 2 for Blues.
Shots for this period are 20 for Predators vs 7 for Blues.
Output by the SimonT Hockey Simulator (STHS) for François Prévost -- Original Page W3C XHTML 1.0 Valid